 Dungeon Crawl Stone Soup version 0.25-a0-308-geac79542e2 (webtiles) character file.

Game seed: 15945073648739994843, levelgen mode: deterministic

34059 Lanoc the Thaumaturge (level 13, -3/99 HPs)
             Began as a Gnoll Wizard on Dec 21, 2019.
             Was an Elder of Ru.
             Slain by a six-headed hydra (10 damage)
             ... on level 13 of the Dungeon.
             The game lasted 01:07:53 (21940 turns).

Lanoc the Thaumaturge (Gnoll Wizard)               Turns: 21940, Time: 01:07:54

Health: -3/99      AC: 14    Str: 10    XL:     13   Next: 75%
Magic:  24/36      EV: 14    Int: 32    God:    Ru [****..]
Gold:   1272       SH:  0    Dex: 22    Spells: 14/33 levels left

rFire    x . .     SeeInvis +   b - +4 triple crossbow of Cefutib {elec, Int+7 Dex+8 Stlth-}
rCold    + + .     Gourm    .   (shield currently unavailable)
rNeg     . . .     Faith    .   c - +0 ice dragon scales
rPois    .         Spirit   .   x - +1 hat {MR+}
rElec    .         Reflect  .   B - +0 cloak
rCorr    .         Harm     .   (no gloves)
MR       +....                  (no boots)
Stlth    ..........             (no amulet)
HPRegen  0.26/turn              j - ring of see invisible
MPRegen  0.25/turn              w - ring of magical power

@: very slightly contaminated
A: distributed training, fangs 1, no stealth, hated by all, no charms magic, no
ice magic, no transmutations magic, missing an eye, strong nose
a: Draw Out Power, Power Leap, Renounce Religion


You were on level 13 of the Dungeon.
You worshipped Ru.
Ru was greatly pleased with you.
You were not hungry.

You visited 4 branches of the dungeon, and saw 18 of its levels.
You also visited: Sewer.

You collected 1452 gold pieces.
You spent 180 gold pieces at shops.

Inventory:

Hand Weapons
 a - the +9 staff of Olgreb {rPois∞}
   (You found it on level 6 of the Dungeon)

   It grants immunity to poison.
 b - the +4 triple crossbow of Cefutib (weapon) {elec, Int+7 Dex+8 Stlth-}
   (You found it on level 12 of the Dungeon)

   It charges the ammunition it shoots with electricity; occasionally upon a
   hit, such missiles may discharge and cause terrible harm.
   It affects your intelligence (+7).
   It affects your dexterity (+8).
   It makes you less stealthy.
Missiles
 i - 80 bolts (quivered)
 H - 2 curare-tipped darts
Armour
 c - +0 ice dragon scales (worn)
 x - a +1 hat of magic resistance (worn)
 B - a +0 cloak (worn)
 I - a +0 shield
Jewellery
 j - a ring of see invisible (left hand)
 k - an uncursed ring of poison resistance
 l - an uncursed amulet of the acrobat
 r - an uncursed ring of protection from cold
 w - a ring of magical power (right hand)
Wands
 f - a wand of polymorph (6)
 h - a wand of paralysis (2)
 y - a wand of digging (4)
 F - a wand of flame (18)
Scrolls
 g - 4 scrolls of enchant weapon
 n - 8 scrolls of remove curse
 s - 2 scrolls of enchant armour
 t - 3 scrolls of identify
 u - a scroll of fog
 z - a scroll of magic mapping
 D - a scroll of amnesia
Potions
 e - a potion of brilliance
 o - 2 potions of haste
 v - 2 potions of curing
 C - a potion of might
 E - 2 potions of mutation
 G - a potion of heal wounds
Miscellaneous
 m - a fan of gales (inert)
Comestibles
 d - 7 rations


   Skills:
 + Level 8.4 Fighting
 + Level 8.4 Short Blades
 + Level 8.4 Long Blades
 + Level 8.4 Axes
 + Level 8.4 Maces & Flails
 + Level 8.4 Polearms
 + Level 8.4 Staves
 + Level 8.4 Slings
 + Level 8.4 Bows
 + Level 8.4 Crossbows
 + Level 8.4 Throwing
 + Level 8.4 Armour
 + Level 9.6 Dodging
   Level 0.0 Stealth
 + Level 8.4 Shields
 + Level 8.4 Unarmed Combat
 + Level 10.9 Spellcasting
 + Level 7.4 Conjurations
 + Level 7.0 Hexes
   Level 0.0 Charms
 + Level 7.4 Summonings
 + Level 7.0 Necromancy
 + Level 7.4 Translocations
   Level 0.0 Transmutations
 + Level 7.0 Fire Magic
   Level 0.0 Ice Magic
 + Level 7.0 Air Magic
 + Level 7.0 Earth Magic
 + Level 7.0 Poison Magic
 + Level 9.2 Invocations
 + Level 8.4 Evocations


You had 14 spell levels left.
You knew the following spells:

 Your Spells              Type           Power        Failure   Level  Hunger
a - Searing Ray           Conj           ######       1%          2    None
b - Magic Dart            Conj           ####         1%          1    None
c - Conjure Flame         Conj/Fire      ######..     3%          3    None
d - Mephitic Cloud        Conj/Pois/Air  ######..     3%          3    None
e - Call Imp              Summ           ######..     1%          2    None
f - Regeneration          Chrm/Necr      #####.....   14%         3    None
g - Vampiric Draining     Necr           ######....   3%          3    None
h - Blink                 Tloc           N/A          1%          2    None

Your spell library contained the following spells:

 Spells                   Type           Power        Failure   Level  Hunger
 Pain                     Necr           ####         1%          1    None
 Slow                     Hex            ######..     1%          2    None
 Dazzling Flash           Conj/Hex       ######       3%          3    None
 Fulminant Prism          Conj/Hex       ######....   10%         4    None
 Iskenderun's Mystic Bla  Conj/Tloc      ######..     10%         4    None
 Animate Skeleton         Necr           Unusable     N/A         1    N/A
 Summon Small Mammal      Summ           Unusable     N/A         1    N/A
 Call Canine Familiar     Summ           Unusable     N/A         3    N/A
 Summon Guardian Golem    Hex/Summ       Unusable     N/A         3    N/A
 Summon Lightning Spire   Summ/Air       Unusable     N/A         4    N/A
 Animate Dead             Necr           Unusable     N/A         4    N/A
 Summon Ice Beast         Ice/Summ       Unusable     N/A         4    N/A

Dungeon Overview and Level Annotations

Branches:
Dungeon (14/15)            Temple (1/1) D:7            Lair (1/6) D:11
    Orc (2/2) D:10            Elf (0/3) Orc:2        Vaults (0/5) D:13
  Sewer (visited)

Altars:
Ashenzari
Dithmenos
Gozag
Kikubaaqudgha
Okawaru
Ru
Zin
Beogh

Shops:
D:4 *   D:8 }(   D:11 *   Orc:2 =([*

Annotations:
D:4 1 runed translucent door, Menkaure; Shadow153's ghost, novice GnWn
D:6 1 runed translucent door


Innate Abilities, Weirdness & Mutations

Your experience applies equally to all skills.
You have very sharp teeth.
You cannot be stealthy.
You are hated by all.
You cannot study or cast Charms magic.
You cannot study or cast Ice magic.
You cannot study or cast Transmutations magic.
You are missing an eye, making it more difficult to aim.
Your uncanny sense of smell can sniff out nearby items.


Message History

The six-headed hydra bites you.
* * * LOW HITPOINT WARNING * * *
The six-headed hydra bites you but does no damage.
The six-headed hydra barely misses you. x2; The six-headed hydra bites you.
* * * LOW HITPOINT WARNING * * *
Firing (i - inventory. (/) - cycle)
i - 81 bolts (quivered)
Press: ? - help, Shift-Dir - straight line, f/p - six-headed hydra
Aim: a six-headed hydra (almost dead, softly glowing)
You shoot a bolt.
The bolt barely misses the six-headed hydra.
The six-headed hydra misses you.
The six-headed hydra closely misses you. x2
The six-headed hydra barely misses you. The six-headed hydra bites you!
* * * LOW HITPOINT WARNING * * *
The six-headed hydra bites you but does no damage.
The six-headed hydra closely misses you.
The six-headed hydra bites you.
* * * LOW HITPOINT WARNING * * *
The six-headed hydra bites you!
You die...

######### ####### ........#
#...... ........# ###......
........#################.'......
........'(..((.D@.........#......
........###################......
####'#### ######' ##..# #. ##..##
## #..## #D## ####### #'#####
#...... .Y>...##############
#......


You could see a six-headed hydra.

Vanquished Creatures
  Gastronok (Orc:1)
  An orc warlord (Orc:2)
  Josephine (D:10)
  A catoblepas (D:13)
  A centaur warrior (D:13)
  3 two-headed ogres
  An orc high priest (Orc:2)
  Urug (D:10)
  Pikel (D:7)
  2 orc knights (Orc:2)
  An orb spider (shapeshifter) (D:13)
  An ugly thing (D:11)
  2 wolf spiders (D:14)
  2 orc sorcerers (Orc:2)
  A manticore (D:14)
  2 cyclopes
  2 centaur zombies
  Joseph (D:7)
  A gargoyle (D:12)
  A yaktaur (D:14)
  6 trolls
  A hornet (D:9)
  3 hippogriffs
  3 slime creatures
  Grinder (D:6)
  A wyvern (D:8)
  16 yaks
  5 wraiths
  2 vampire mosquitoes (D:14)
  A steam dragon (D:9)
  3 hungry ghosts
  6 soldier ants (D:6)
  An acid dragon (D:14)
  4 water moccasins (D:6)
  3 ice beasts
  4 slaves (D:7)
  33 orc warriors
  7 sky beasts
  3 black bears
  6 ogres
  A phantom (D:4)
  19 centaurs
  2 crocodiles
  3 big kobolds
  8 bullfrogs
  A gnoll sergeant (D:7)
  A wyvern zombie (D:5)
  A wyvern skeleton (D:13)
  3 scorpions
  9 killer bees
  10 wights
  2 howler monkeys
  3 crimson imps
  2 bullfrog zombies
  2 quasits
  5 jellies
  29 orc wizards
  21 orc priests
  4 hounds
  3 bullfrog skeletons
  13 worker ants
  3 hound skeletons
  10 gnolls
  A howler monkey skeleton (D:10)
  11 adders
  2 shadow imps
  2 oozes
  4 adder skeletons
  A dart slug (D:3)
  3 leopard geckos
  87 orcs
  11 bats
  3 giant cockroaches
  4 goblins
  3 hobgoblins
  12 jackals
  11 kobolds
  2 quokkas
  A ball python (D:1)
  4 frilled lizards
  A jackal zombie (D:8)
  A quokka skeleton (D:4)
  5 rats
460 creatures vanquished.

Vanquished Creatures (collateral kills)
  2 killer bees (D:6)
  A gnoll (D:3)
3 creatures vanquished.

Vanquished Creatures (others)
  A two-headed ogre (D:13)
  An orc knight (Orc:2)
  A warg (Orc:1)
  2 ogres
  A killer bee (D:6)
  An orc (D:10)
  2 fungi (D:11)
9 creatures vanquished.

Grand Total: 472 creatures vanquished

Notes
Turn   | Place    | Note
-------+----------+-------------------------------------------
     0 | D:1      | Lanoc the Gnoll Wizard began the quest for the Orb.
     0 | D:1      | Reached XP level 1. HP: 13/13 MP: 8/8
   219 | D:1      | Reached XP level 2. HP: 19/19 MP: 2/10
   243 | D:1      | Learned a level 2 spell: Blink
   246 | D:1      | Learned a level 2 spell: Call Imp
   523 | D:1      | Reached XP level 3. HP: 25/25 MP: 7/11
   959 | D:3      | Found a sacrificial altar of Ru.
   969 | D:3      | Reached skill level 1 in Invocations
  1227 | D:3      | Became a worshipper of Ru the Awakened
  1297 | D:3      | Reached skill level 1 in Fighting
  1297 | D:3      | Reached skill level 1 in Short Blades
  1297 | D:3      | Reached skill level 1 in Long Blades
  1297 | D:3      | Reached skill level 1 in Axes
  1297 | D:3      | Reached skill level 1 in Maces & Flails
  1297 | D:3      | Reached skill level 1 in Polearms
  1297 | D:3      | Reached skill level 1 in Staves
  1297 | D:3      | Reached skill level 1 in Slings
  1297 | D:3      | Reached skill level 1 in Bows
  1297 | D:3      | Reached skill level 1 in Crossbows
  1297 | D:3      | Reached skill level 1 in Throwing
  1297 | D:3      | Reached skill level 1 in Armour
  1297 | D:3      | Reached skill level 1 in Shields
  1297 | D:3      | Reached skill level 1 in Unarmed Combat
  1297 | D:3      | Reached skill level 1 in Evocations
  1421 | D:3      | Reached XP level 4. HP: 32/32 MP: 10/13
  1426 | D:3      | Learned a level 3 spell: Conjure Flame
  1430 | D:3      | Learned a level 3 spell: Mephitic Cloud
  1635 | D:3      | Found a shadowy altar of Dithmenos.
  1890 | D:4      | Found Fyim's Fabulous Fripperies.
  1923 | D:4      | Reached skill level 1 in Hexes
  1923 | D:4      | Reached skill level 1 in Charms
  1923 | D:4      | Reached skill level 1 in Necromancy
  1923 | D:4      | Reached skill level 1 in Transmutations
  1923 | D:4      | Reached skill level 1 in Fire Magic
  1923 | D:4      | Reached skill level 1 in Ice Magic
  1923 | D:4      | Reached skill level 1 in Air Magic
  1923 | D:4      | Reached skill level 1 in Earth Magic
  1923 | D:4      | Reached skill level 1 in Poison Magic
  1932 | D:4      | Reached XP level 5. HP: 34/37 MP: 0/14
  2260 | D:4      | Found a shattered altar of Ashenzari.
  2261 | D:4      | Noticed Menkaure
  3276 | D:4      | Gained mutation: You are hated by all. [Ru sacrifice]
  3276 | D:4      | Reached * piety under Ru
  3286 | D:4      | Reached XP level 6. HP: 33/44 MP: 3/16
  3976 | D:4      | Noticed a phantom
  3997 | D:4      | Killed a phantom
  3997 | D:4      | Reached skill level 5 in Dodging
  4163 | D:4      | Found a runed translucent door.
  4174 | D:4      | Noticed Shadow153's ghost (novice GnWn)
  4236 | D:5      | Entered Level 5 of the Dungeon
  4340 | D:5      | Found a glowing drain.
  4349 | Sewer    | Entered a sewer
  4414 | Sewer    | Reached XP level 7. HP: 49/50 MP: 4/18
  4890 | D:5      | Reached skill level 5 in Stealth
  5302 | D:5      | Found an ancient bone altar of Kikubaaqudgha.
  5345 | D:5      | Reached XP level 8. HP: 54/57 MP: 11/19
  5965 | D:5      | Identified a scroll of acquirement
  5968 | D:5      | Got a dazzling bardiche
  5969 | D:5      | Identified the +0 bardiche of Kismet {chop, rPois} (You
                  | acquired it on level 5 of the Dungeon)
  6688 | D:6      | Reached skill level 8 in Spellcasting
  7009 | D:6      | Found a runed translucent door.
  7012 | D:6      | Found a runed translucent gate.
  7013 | D:6      | Found a runed translucent gate.
  7019 | D:6      | Found a runed translucent gate.
  7033 | D:6      | Noticed Grinder
  7039 | D:6      | Paralysed by Grinder for 6 turns
  7048 | D:6      | Paralysed by Grinder for 7 turns
  7060 | D:6      | Killed Grinder
  7060 | D:6      | Reached XP level 9. HP: 27/65 MP: 21/21
  7321 | D:6      | Found a runed translucent door.
  7329 | D:6      | Found the +9 staff of Olgreb {rPois∞}
 10024 | D:6      | Reached skill level 5 in Invocations
 10306 | D:7      | Reached XP level 10. HP: 73/73 MP: 22/22
 10404 | D:7      | Found an opulent altar of Gozag.
 10433 | D:7      | Found a staircase to the Ecumenical Temple.
 10447 | Temple   | Entered the Ecumenical Temple
 10500 | D:7      | Noticed Pikel
 10517 | D:7      | Killed Pikel
 10517 | D:7      | Reached skill level 5 in Fighting
 10517 | D:7      | Reached skill level 5 in Short Blades
 10517 | D:7      | Reached skill level 5 in Long Blades
 10517 | D:7      | Reached skill level 5 in Axes
 10517 | D:7      | Reached skill level 5 in Maces & Flails
 10517 | D:7      | Reached skill level 5 in Polearms
 10517 | D:7      | Reached skill level 5 in Staves
 10517 | D:7      | Reached skill level 5 in Slings
 10517 | D:7      | Reached skill level 5 in Bows
 10517 | D:7      | Reached skill level 5 in Crossbows
 10517 | D:7      | Reached skill level 5 in Throwing
 10517 | D:7      | Reached skill level 5 in Armour
 10517 | D:7      | Reached skill level 5 in Shields
 10517 | D:7      | Reached skill level 5 in Unarmed Combat
 10517 | D:7      | Reached skill level 5 in Evocations
 10630 | D:7      | Noticed Joseph
 10639 | D:7      | Killed Joseph
 10639 | D:7      | Reached skill level 9 in Spellcasting
 11017 | D:8      | Found Nouqohuk's Antique Weapon Emporium.
 11099 | D:8      | Found a glowing silver altar of Zin.
 11099 | D:8      | Found an iron altar of Okawaru.
 11126 | D:8      | Reached skill level 5 in Conjurations
 11126 | D:8      | Reached skill level 5 in Summonings
 11126 | D:8      | Reached skill level 5 in Translocations
 11154 | D:8      | Found Gudapu Acwe's Gadget Shoppe.
 11295 | D:8      | Noticed a two-headed ogre
 11311 | D:8      | Killed a two-headed ogre
 11630 | D:9      | Reached XP level 11. HP: 48/81 MP: 24/24
 11661 | D:9      | Gained mutation: You cannot be stealthy. [Ru sacrifice]
 11661 | D:9      | Reached ** piety under Ru
 11982 | D:9      | Learned a level 3 spell: Regeneration
 11986 | D:9      | Learned a level 3 spell: Vampiric Draining
 12386 | D:10     | Entered Level 10 of the Dungeon
 12453 | D:10     | Reached skill level 5 in Hexes
 12453 | D:10     | Reached skill level 5 in Charms
 12453 | D:10     | Reached skill level 5 in Necromancy
 12453 | D:10     | Reached skill level 5 in Transmutations
 12453 | D:10     | Reached skill level 5 in Fire Magic
 12453 | D:10     | Reached skill level 5 in Ice Magic
 12453 | D:10     | Reached skill level 5 in Air Magic
 12453 | D:10     | Reached skill level 5 in Earth Magic
 12453 | D:10     | Reached skill level 5 in Poison Magic
 12701 | D:10     | Noticed a two-headed ogre
 12711 | D:10     | Killed a two-headed ogre
 12799 | D:10     | Noticed Urug
 12846 | D:10     | Killed Urug
 12899 | D:10     | Gained mutation: You are missing an eye, making it more
                  | difficult to aim. [Ru sacrifice]
 12899 | D:10     | Reached *** piety under Ru
 13119 | D:10     | Found a staircase to the Orcish Mines.
 13696 | D:11     | Found a staircase to the Lair.
 13860 | D:11     | Reached XP level 12. HP: 43/89 MP: 12/25
 14402 | D:11     | Found Pukogill's General Store.
 14831 | D:12     | Reached skill level 10 in Spellcasting
 15016 | Lair:1   | Entered Level 1 of the Lair of Beasts
 15619 | D:12     | Got a twitching marble ring
 15621 | D:12     | Identified the ring "Xieng" {rPois rC+ Str+2 Dex-4} (You
                  | found it on level 12 of the Dungeon)
 15838 | D:12     | Gained mutation: You cannot study or cast Ice magic. [Ru
                  | sacrifice]
 15838 | D:12     | Gained mutation: You cannot study or cast Transmutations
                  | magic. [Ru sacrifice]
 15838 | D:12     | Gained mutation: You cannot study or cast Charms magic. [Ru
                  | sacrifice]
 15838 | D:12     | Reached **** piety under Ru
 15860 | D:12     | Got a crude triple crossbow
 15861 | D:12     | Identified the +4 triple crossbow of Cefutib {elec, Int+7
                  | Dex+8 Stlth-} (You found it on level 12 of the Dungeon)
 16561 | D:13     | Noticed a two-headed ogre
 16577 | D:13     | Killed a two-headed ogre
 16724 | D:13     | Noticed a centaur warrior
 16743 | D:13     | Killed a centaur warrior
 17392 | D:13     | Noticed a six-headed hydra
 17523 | D:13     | Noticed a two-headed ogre
 17530 | D:13     | Killed a two-headed ogre
 17816 | D:12     | Learned a level 2 spell: Searing Ray
 18101 | D:13     | Found a gate to the Vaults.
 18504 | D:14     | Noticed an eight-headed hydra
 18856 | Orc:1    | Entered Level 1 of the Orcish Mines
 18862 | Orc:1    | Reached XP level 13. HP: 98/98 MP: 27/27
 18874 | Orc:1    | Noticed Josephine
 18875 | Orc:1    | Noticed Gastronok
 18890 | D:10     | Killed Josephine
 19769 | Orc:1    | Killed Gastronok
 20118 | Orc:2    | Entered Level 2 of the Orcish Mines
 20118 | Orc:2    | Found a staircase to the Elven Halls.
 20346 | Orc:2    | Noticed an orc warlord
 20393 | Orc:2    | Killed an orc warlord
 20609 | Orc:2    | Found a roughly hewn altar of Beogh.
 20803 | Orc:2    | Found Dayshre's Jewellery Shop.
 20806 | Orc:2    | Found Acobrung's Antique Weapon Shop.
 20820 | Orc:2    | Found Ibroonynu's Antique Armour Shop.
 21307 | Orc:2    | Found Ule Emia's General Store.
 21313 | Orc:2    | Bought a potion of haste for 180 gold pieces
 21901 | D:14     | Identified the ring "Foschext" {MP+9 Int+3}
 21940 | D:13     | Slain by a six-headed hydra

Levels and vault maps discovered:
D:1:      dpeg_arrival_pond, layout_basic
D:2:      layout_loops_ring
D:3:      layout_rooms, nicolae_overflow_crystal_walls,
          grunt_dithmenos_smoke_and_mirrors
D:4:      layout_basic, gammafunk_ghost_grave, nicolae_alphabet_shops,
          ashenzari_altar_1, uniq_menkaure
D:5:      layout_loops_corners, kiku_gazebo_garden_becter, portal_sewer_entry_d,
          first_ration
D:6:      layout_cave_pods, serial_park_tiny_pond,
          minmay_guarded_unrand_staff_of_olgreb, uniq_grinder
D:7:      layout_loops_ring, lemuel_round_altar, temple_green, uniq_pikel,
          uniq_joseph
D:8:      layout_loops_ring, chequers_temple_overflow_statue_of_worship,
          serial_shops, shop, nicolae_shop_temple_entry_statues_fountains
D:9:      layout_irregular_city
D:10:     minmay_skewed_foursquare, layout_basic, david_orc_4, uniq_urug
D:11:     layout_rooms, grunt_lair_entry_orc_guard_hut, serial_shops, shop
D:12:     layout_loops_ring
D:13:     layout_roguey, david_vaults_4, grunt_pizzeria
D:14:     minmay_the_grid_square_5x5_4x4_mashed
          [minmay_the_grid_square_5x5_hollow_slash,
          minmay_the_grid_square_5x5_mess, minmay_the_grid_square_5x5_two_small,
          minmay_the_grid_square_5x5_percent,
          minmay_the_grid_square_5x5_dogpile,
          minmay_the_grid_square_5x5_prize_monsterx,
          minmay_the_grid_square_5x5_prize_open,
          minmay_the_grid_square_5x5_eight_small,
          minmay_the_grid_square_5x5_tri_point,
          minmay_the_grid_square_5x5_prize_snowflake,
          minmay_the_grid_square_5x5_prize_open,
          minmay_the_grid_square_5x5_corner,
          minmay_the_grid_square_5x5_sharp_hourglass,
          minmay_the_grid_square_5x5_intrusive_squares,
          minmay_the_grid_square_5x5_inset,
          minmay_the_grid_square_5x5_fancy_junction], layout_grid_maze
Temple:   eino_temple_scatter_basement
Lair:1:   layout_cave_pods, gammafunk_ghost_necromancy
Orc:1:    layout_caves, uniq_josephine, uniq_gastronok
Orc:2:    grunt_orc_cross, layout_diamond_mine

Skill      XL: |  1  2  3  4  5  6  7  8  9 10 11 12 13 |
---------------+----------------------------------------+-----
Conjurations   | 2 3 4 5 6 7 |  7.4
Summonings     | 2 3 4 5 6 7 |  7.4
Translocations | 2 3 4 5 6 7 |  7.4
Invocations    | 1 2 3 4 5 6 7 8 9 |  9.2
Fighting       | 1 2 3 4 5 6 7 8 |  8.4
Short Blades   | 1 2 3 4 5 6 7 8 |  8.4
Long Blades    | 1 2 3 4 5 6 7 8 |  8.4
Axes           | 1 2 3 4 5 6 7 8 |  8.4
Maces & Flails | 1 2 3 4 5 6 7 8 |  8.4
Polearms       | 1 2 3 4 5 6 7 8 |  8.4
Staves         | 1 2 3 4 5 6 7 8 |  8.4
Slings         | 1 2 3 4 5 6 7 8 |  8.4
Bows           | 1 2 3 4 5 6 7 8 |  8.4
Crossbows      | 1 2 3 4 5 6 7 8 |  8.4
Throwing       | 1 2 3 4 5 6 7 8 |  8.4
Armour         | 1 2 3 4 5 6 7 8 |  8.4
Shields        | 1 2 3 4 5 6 7 8 |  8.4
Unarmed Combat | 1 2 3 4 5 6 7 8 |  8.4
Evocations     | 1 2 3 4 5 6 7 8 |  8.4
Hexes          | 1 2 3 4 5 6 7 |  7.0
Charms         | 1 2 3 4 5 0 |  0.0
Necromancy     | 1 2 3 4 5 6 7 |  7.0
Transmutations | 1 2 3 4 5 0 |  0.0
Fire Magic     | 1 2 3 4 5 6 7 |  7.0
Ice Magic      | 1 2 3 4 5 0 |  0.0
Air Magic      | 1 2 3 4 5 6 7 |  7.0
Earth Magic    | 1 2 3 4 5 6 7 |  7.0
Poison Magic   | 1 2 3 4 5 6 7 |  7.0
Dodging        | 5 6 7 8 9 |  9.6
Stealth        | 5 6 7 0 |  0.0
Spellcasting   | 8 9 10 | 10.9

Action                   |  1- 3 |  4- 6 |  7- 9 | 10-12 | 13-15 || total
-------------------------+-------+-------+-------+-------+-------++-------
Melee: Unarmed           |    12 |     1 |       |       |       ||    13
       Bite              |     1 |     5 |     5 |    59 |    10 ||    80
       Spear             |       |    69 |    15 |       |       ||    84
       Punch             |       |     1 |       |     8 |     5 ||    14
       Bardiche          |       |       |    35 |       |       ||    35
       Staff             |       |       |    17 |   753 |   109 ||   879
 Fire: Triple crossbow   |       |       |       |       |    12 ||    12
Throw: Throwing net      |       |     1 |       |       |       ||     1
       Dart              |       |       |       |     3 |     3 ||     6
 Cast: Magic Dart        |    67 |   169 |   301 |       |       ||   537
       Blink             |     1 |       |     1 |       |       ||     2
       Call Imp          |     1 |       |       |       |       ||     1
       Mephitic Cloud    |       |     1 |     5 |       |       ||     6
       Conjure Flame     |       |     2 |    12 |       |       ||    14
       Regeneration      |       |       |       |     1 |       ||     1
       Searing Ray       |       |       |       |       |     1 ||     1
Invok: Sacrifice Love    |       |     1 |       |       |       ||     1
       Sacrifice Stealth |       |       |       |     1 |       ||     1
       Sacrifice an Eye  |       |       |       |     1 |       ||     1
       Draw Out Power    |       |       |       |     1 |       ||     1
       Sacrifice Arcana  |       |       |       |     1 |       ||     1
       Reject Sacrifices |       |       |       |       |     1 ||     1
Evoke: Staff of Olgreb   |       |       |     5 |   135 |    65 ||   205
       Wand              |       |       |     5 |       |     1 ||     6
       Fan of gales      |       |       |     1 |       |     2 ||     3
  Use: Potion            |       |     6 |     5 |     1 |       ||    12
       Scroll            |       |     9 |     5 |    12 |     5 ||    31
 Stab: Confused          |       |     1 |       |       |       ||     1
       Held in net/web   |       |     1 |       |       |       ||     1
       Sleeping          |       |       |     1 |     1 |       ||     2
       Paralysed         |       |       |     4 |       |       ||     4
       Invisible         |       |       |       |     2 |     2 ||     4
       Distracted        |       |       |       |     1 |       ||     1
  Eat: Chunk             |     1 |    10 |     4 |    28 |     6 ||    49
       Ration            |       |       |     4 |     4 |     2 ||    10
Armor: Robe              |     2 |    13 |    22 |       |       ||    37
       Ice dragon scales |       |       |    11 |   289 |    74 ||   374
Dodge: Dodged            |    15 |    77 |   170 |   449 |    96 ||   807

Table legend:
 A = Non-vault XP
 B = Vault XP
 C = Vault XP percentage of total XP
 D = Non-vault monster count
 E = Vault monster count
 F = Vault count percentage of total count
                 A         B        C        D         E       F
            +---------+---------+-------+---------+---------+-------
      Total |   26297 |   22360 |  46.0 |     351 |     115 |  24.7
            +---------+---------+-------+---------+---------+-------
        D:1 |      36 |       0 |   0.0 |      19 |       0 |   0.0
        D:2 |      17 |       0 |   0.0 |       3 |       0 |   0.0
        D:3 |      64 |       0 |   0.0 |      18 |       0 |   0.0
        D:4 |     417 |       0 |   0.0 |      21 |       0 |   0.0
        D:5 |     784 |      13 |   1.6 |      18 |       1 |   5.3
        D:6 |     704 |    2163 |  75.4 |      14 |      24 |  63.2
        D:7 |    1529 |    1139 |  42.7 |      35 |       2 |   5.4
        D:8 |    1959 |       0 |   0.0 |      24 |       0 |   0.0
        D:9 |    1951 |       0 |   0.0 |      28 |       0 |   0.0
       D:10 |    4102 |    3789 |  48.0 |      36 |      30 |  45.5
       D:11 |    3345 |     509 |  13.2 |      26 |       5 |  16.1
       D:12 |    3691 |       0 |   0.0 |      25 |       0 |   0.0
       D:13 |    4039 |    1870 |  31.6 |      17 |       5 |  22.7
       D:14 |     492 |    2787 |  85.0 |       4 |       7 |  63.6
     Lair:1 |     101 |       0 |   0.0 |       1 |       0 |   0.0
      Orc:1 |    1345 |    2089 |  60.8 |      22 |       1 |   4.3
      Orc:2 |    1721 |    7881 |  82.1 |      40 |      34 |  45.9
      Sewer |       0 |     120 | 100.0 |       0 |       6 | 100.0
            +---------+---------+-------+---------+---------+-------
